 Dungeon Crawl Stone Soup version 0.21-a0-33-g8b44e26 (webtiles) character file.

57 blackwizard the Caller (level 3, -4/31 HPs)
             Began as a Troll Summoner on May 27, 2017.
             Slain by a worm (7 damage)
             ... on level 2 of the Dungeon.
             The game lasted 00:07:31 (1242 turns).

blackwizard the Caller (Troll Summoner)             Turns: 1242, Time: 00:07:32

Health: -4/31      AC:  5    Str: 17    XL:     3   Next: 73%
Magic:  2/4        EV: 10    Int: 11    God:
Gold:   100        SH:  0    Dex: 10    Spells: 3/4 levels left

rFire    . . .     SeeInvis +   q - +0 hunting sling
rCold    . . .     Gourm    +   (no shield)
rNeg     . . .     Faith    .   a - +0 robe
rPois    .         Spirit   .   (helmet restricted)
rElec    .         Reflect  .   (no cloak)
rCorr    .         Harm     .   (gloves unavailable)
MR       .....                  (boots unavailable)
Stlth    +.........             (no amulet)
Regen    0.5/turn               m - ring of see invisible
MPRegen  0.1/turn               (no ring)

@: no status effects
A: unfitting armour, claws 3, fast metabolism 3, gourmand, regeneration 1,
shaggy fur 1, tough skin 2
a: no special abilities


You were on level 2 of the Dungeon.
You were hungry.

You visited 1 branch of the dungeon, and saw 2 of its levels.

You collected 100 gold pieces.

Inventory:

Hand Weapons
 h - a +0 short sword
 q - a +0 hunting sling (weapon)
Missiles
 i - 25 stones (quivered)
 n - 20 poisoned needles
Armour
 a - a +0 robe (worn)
 l - a +0 robe
Jewellery
 m - a ring of see invisible (left claw)
Scrolls
 e - a scroll of teleportation {unknown}
 f - a scroll of remove curse {unknown}
 g - a scroll of fear {unknown}
 o - a scroll of noise {unknown}
Potions
 k - a potion of brilliance {unknown}
Books
 b - a book of Callings

   Spells                             Type                      Level
   a - Summon Small Mammal            Summoning                    1
   b - Call Imp                       Summoning                    2
   c - Call Canine Familiar           Summoning                    3
   d - Summon Guardian Golem          Hexes/Summoning              3
   e - Summon Lightning Spire         Summoning/Air                4
   f - Summon Ice Beast               Ice/Summoning                4
Comestibles
 c - 2 bread rations
 d - 2 chunks of flesh
 j - 3 royal jellies
 p - a meat ration


   Skills:
 + Level 2.1 Dodging
 + Level 1.2 Stealth
 + Level 1.4 Unarmed Combat
 + Level 1.3 Spellcasting
 + Level 3.3 Summonings


You had 3 spell levels left.
You knew the following spells:

 Your Spells              Type           Power        Failure   Level  Hunger
a - Summon Small Mammal   Summ           #...         8%          1    ##.....


Dungeon Overview and Level Annotations

Branches:
Dungeon (2/15)

Altars:

Annotations:
D:2 Sigmund


Innate Abilities, Weirdness & Mutations

You are too large for most types of armour.
You have claws for hands.
Your metabolism is lightning-fast.
You like to eat raw meat.
Your natural rate of healing is unusually fast.
You are covered in fur. (AC +1)
You have very tough skin. (AC +2)


Message History

Your bat hits the worm but does no damage.
Your bat barely misses the worm.
The quokka bites you but does no damage.
Your bat hits Sigmund but does no damage.
Your bat barely misses the worm.
Sigmund barely misses you. The quokka bites you.
* * * LOW HITPOINT WARNING * * *
Your bat hits Sigmund but does no damage.
Your bat hits the worm but does no damage.
Your bat hits the worm but does no damage.
Sigmund hits you from afar with a scythe.
* * * LOW HITPOINT WARNING * * *
Your bat barely misses the worm.
You are feeling hungry.
The quokka bites you.
* * * LOW HITPOINT WARNING * * *
Sigmund closely misses you. The quokka misses you.
Your bat hits Sigmund but does no damage.
The worm bites you!
You die...

... ##### .... #...# .....
#...# .....
#...######.....
+.@.b..........
#rw........$...
#..@...†..#+### #..
###.......# #.# #+#
#####.......# #.# #.#
#...#.......# #.# #.#
#...#.......# #.# #.#
#...#.......# #.#
#####'#####...#.......###
#..
##.............'..#......#
#..
......)........##.#......#
#..


You could see Sigmund, a worm, a quokka and a friendly bat.

Vanquished Creatures
  2 adders (D:2)
  2 worms (D:2)
  A dart slug (D:1)
  A leopard gecko (D:1)
  2 giant cockroaches (D:1)
  2 goblins
  3 hobgoblins
  6 kobolds
  A quokka (D:2)
  A ball python (D:2)
  2 bats (D:1)
  3 frilled lizards (D:1)
  3 rats (D:2)
29 creatures vanquished.

Vanquished Creatures (collateral kills)
  A leopard gecko (D:2)
  A frilled lizard (D:2)
2 creatures vanquished.

Grand Total: 31 creatures vanquished

Notes
Turn   | Place    | Note
-------+----------+-------------------------------------------
     0 | D:1      | blackwizard the Troll Summoner began the quest for the Orb.
     0 | D:1      | Reached XP level 1. HP: 16/16 MP: 1/1
    49 | D:1      | Reached skill level 3 in Summonings
   258 | D:1      | Reached XP level 2. HP: 24/24 MP: 3/3
   740 | D:2      | Paralysed by fainting for 12 turns
   982 | D:2      | Reached XP level 3. HP: 23/31 MP: 4/4
  1080 | D:2      | Reached skill level 1 in Unarmed Combat
  1158 | D:2      | HP: 1/31 [worm (11)]
  1190 | D:2      | Noticed Sigmund
  1204 | D:2      | HP: 1/31 [Sigmund/scythe (11)]
  1229 | D:2      | HP: 1/31 [Sigmund/magic dart (4)]
  1242 | D:2      | Slain by a worm

Vault maps used:
D:1:      doesnt_arrival_goblin_jail, minmay_tiny_reverse_x
D:2:      first_bread, minmay_goblin_kobold_house, uniq_sigmund

Skill      XL: |  1  2  3 |
---------------+----------+-----
Summonings     | 3 |  3.3
Dodging        | 2 |  2.1
Unarmed Combat | 1 |  1.4
Stealth        | |  1.2
Spellcasting   | |  1.3

Action                   || total
-------------------------++-------
Melee: Unarmed           ||   102
       Hunting sling     ||     8
 Cast: Summon Small Mamm ||     7
  Eat: Chunk             ||     4
       Bread ration      ||     1
Armor: Robe              ||    72
Dodge: Dodged            ||    98
